 Dungeon Crawl Stone Soup version 0.30-a0-354-g6b83867211 (webtiles) character file.

Game seed: 11840583418555314881

110 flotson the Sneak (level 4, 0/36 HPs)
             Began as a Demonspawn Delver on Nov 7, 2022.
             Slain by a bullfrog (4 damage)
             ... in a sewer.
             The game lasted 00:03:27 (799 turns).

flotson the Sneak (Demonspawn Delver)                Turns: 799, Time: 00:03:27

Health: 0/36       AC:  7    Str: 17 (19) XL:     4   Next: 61%
Magic:  4/4        EV: 11    Int: 11 (14) God:
Gold:   14         SH:  0    Dex: 13 (14) Spells: 3/3 levels left

rFire   . . .      SeeInvis .    f - +0 whip "Uheguhe" {flame, Str+4 Int+3}
rCold   . . .      Faith    .    (no shield)
rNeg    . . .      Spirit   .    h - +0 ring mail
rPois   .          Reflect  .    (helmet restricted)
rElec   .          Harm     .    (no cloak)
rCorr   .          Rampage  .    (no gloves)
Will    .....                    (no boots)
Stlth   ++........               (no amulet)
HPRegen 0.26/turn                (no ring)
MPRegen 0.09/turn                (no ring)

@: brilliant, lethally poisoned (0 -> -6), invisible
A: antennae 1, molten scales 1
a: no special abilities


You were in a sewer.
You visited 1 branch of the dungeon, and saw 3 of its levels.
You also visited: Sewer.

You collected 14 gold pieces.

Inventory:

Hand Weapons
 a - a +0 vorpal hand axe
 f - the +0 whip "Uheguhe" (weapon) {flame, Str+4 Int+3}
   (You found it on level 4 of the Dungeon)

   It burns those it strikes, dealing additional fire damage.
   Str:       It affects your strength (+4).
   Int:       It affects your intelligence (+3).
Missiles
 d - 3 poisoned darts (quivered)
Armour
 h - a +0 ring mail (worn)
Wands
 g - a wand of digging (3)
Scrolls
 b - a scroll of blinking {unknown}
 c - a scroll of fog
 e - a scroll of magic mapping
 k - a scroll of enchant armour {unknown}
Potions
 l - a potion of invisibility


   Skills:
 + Level 3.6 Fighting
 - Level 1.7 Axes
 + Level 1.1 Throwing
 + Level 1.6 Armour
 + Level 2.5 Dodging
 - Level 4.5 Stealth
 + Level 1.7 Evocations


You had 3 spell levels left.
You didn't know any spells.
Your spell library was empty.

Dungeon Overview and Level Annotations

Branches:
Dungeon (5/15)              Sewer (1/1)
 Temple: D:4-7

Altars:


Innate Abilities, Weirdness & Mutations

You have a pair of small antennae on your head.
You are partially covered in molten scales. (AC +2)


Message History

The adder completely misses you.
The bullfrog hits you but does no damage. x2
The adder closely misses you. The adder bites you but does no damage.
The adder bites you.
You are more poisoned.
The adder poisons you!
You are too injured to fight recklessly!
Unknown command.
As you read the scroll labelled ZOSSUL DAKHI, it crumbles to dust.
It is a scroll of brand weapon.
Your +0 hand axe emits a brilliant flash of light!
a - a +0 vorpal hand axe You feel very sick.
The bullfrog snags a nearby mouse with its tongue.
The bullfrog barely misses you.
The bullfrog hits you but does no damage.
The adder barely misses you. The adder bites you but does no damage.
The adder barely misses you. The bullfrog misses you. The bullfrog hits you.
It was a potion of invisibility.
You fade into invisibility!
* * * LOW HITPOINT WARNING * * *
You feel very sick.
The adder bites you but does no damage. x2; The bullfrog misses you.
The adder misses you. The bullfrog barely misses you.
The adder barely misses you. The adder misses you.
It was a potion of degeneration.
There was something very wrong with that liquid.
You feel weakened.
You feel dopey.
You feel clumsy.
* * * LOW HITPOINT WARNING * * *
You feel sick. The bullfrog hits you.
* * * LOW HITPOINT WARNING * * *
The adder barely misses you. The bullfrog barely misses you.
The adder barely misses you. The bullfrog barely misses you.
The adder misses you. The adder bites you but does no damage.
The bullfrog closely misses you. The frilled lizard closely misses you.
It was a potion of brilliance.
You feel clever all of a sudden.
* * * LOW HITPOINT WARNING * * *
You feel sick. The bullfrog hits you.
You die...

###################
.#≈≈≈≈≈SFF≈≈≈≈≈≈≈..###
S.≈≈≈≈≈lS@~≈≈≈≈≈≈....##
S.~≈≈~~≈SSl~~~≈≈≈..†..#
..≈~~~≈≈≈≈≈≈≈~~~~.....#
S.≈≈≈≈≈≈≈≈≈≈≈≈≈≈≈.....##
..≈≈≈≈≈≈≈≈≈≈≈≈≈≈≈#.....#
###################....#
####...## #..#....#
#..'††..#


You could see 2 bullfrogs, 3 adders, a ball python (unable to see you) and 2
frilled lizards.

Vanquished Creatures
  3 river rats (Sewer)
  5 adders
  An endoplasm (Sewer)
  2 giant cockroaches (D:3)
  A goblin (D:3)
  3 kobolds
  A quokka (D:3)
  10 ball pythons
  A frilled lizard (Sewer)
  20 rats (Sewer)
47 creatures vanquished.

Notes
Turn   | Place    | Note
-------+----------+-------------------------------------------
     0 | D:5      | flotson the Demonspawn Delver began the quest for the Orb.
     0 | D:5      | Reached XP level 1. HP: 18/18 MP: 1/1
     2 | D:5      | Noticed a scorpion
    76 | D:5      | Gained mutation: You have a pair of small antennae on your
                  | head. [demonic ancestry]
    76 | D:5      | Reached XP level 2. HP: 24/24 MP: 2/2
   104 | D:4      | Identified the +0 whip "Uheguhe" {flame, Str+4 Int+3}
   195 | D:3      | Reached skill level 1 in Evocations
   214 | D:3      | Reached skill level 1 in Armour
   214 | D:3      | Gained mutation: You are partially covered in molten
                  | scales. (AC +2) [demonic ancestry]
   214 | D:3      | Reached XP level 3. HP: 4/29 MP: 3/3
   216 | D:3      | HP: 1/29 [poisoned by an adder]
   217 | D:3      | Found a glowing drain.
   281 | Sewer    | Entered a sewer
   562 | Sewer    | Reached XP level 4. HP: 20/35 MP: 4/4
   675 | Sewer    | Reached skill level 1 in Throwing
   786 | Sewer    | Noticed a bullfrog
   792 | Sewer    | Noticed a bullfrog
   799 | Sewer    | Slain by a bullfrog

Illustrated notes

Levels and vault maps discovered:
D:3:      layout_basic, lemuel_coloured_pillars_altar,
          nicolae_overflow_hidden_temple, serial_shops,
          nicolae_shop_hallway_plus, shop_fountains, nicolae_lakefront_shop,
          nicolae_shop_stone, portal_sewer_entry_f,
          kennysheep_decorative_pillar, minmay_box_of_dots, uniq_natasha
D:4:      layout_loops_ring, grunt_temple_overflow_lords_of_destruction,
          serial_shops, shop, nicolae_inconvenience_store, shop_scrolls,
          nicolae_shop_bloodbath_and_beyond, ebering_ghost_sewer_d
D:5:      layout_basic, minmay_misc_feat_room, item_on_display_a
Sewer:    sewer_minmay_w

Skill      XL: |  1  2  3  4 |
---------------+-------------+-----
Dodging        | 2 |  2.5
Evocations     | 1 |  1.7
Armour         | 1 |  1.6
Throwing       | 1 |  1.1
Fighting       | |  3.6
Axes           | |  1.7
Stealth        | |  4.5

Action                   |  1- 3 |  4- 6 || total
-------------------------+-------+-------++-------
Melee: Hand axe          |     4 |       ||     4
       Whip              |    93 |    41 ||   134
Throw: Dart              |     4 |       ||     4
  Use: Potion            |     1 |     3 ||     4
       Scroll            |     2 |     1 ||     3
 Stab: Sleeping          |     3 |       ||     3
Armor: Leather armour    |     5 |       ||     5
       Ring mail         |    43 |    30 ||    73
Dodge: Dodged            |    89 |    46 ||   135

Table legend: (Time is in decaauts)
 A = Elapsed time spent in this place.
 B = Non-inter-level travel time spent in this place.
 C = Inter-level travel time spent in this place.
 D = Time resting spent in this place.
 E = Time spent auto-exploring this place.
 F = Levels seen in this place.
 G = Mean time per level.
                   A        B        C        D        E       F      G
               +--------+--------+--------+--------+--------+-----+--------+
         Total |    830 |    824 |      6 |     57 |    358 |   4 |  207.5 |
       Dungeon |    266 |    260 |      6 |     47 |     40 |   3 |   88.7 |
         Sewer |    563 |    563 |      0 |     10 |    318 |   1 |  563.0 |
               +--------+--------+--------+--------+--------+-----+--------+

Top non-repeatable levels by time:
   Sewer: 563 daAuts
     D:3: 168 daAuts
     D:5: 86 daAuts
     D:4: 11 daAuts
